 Dungeon Crawl Stone Soup version 0.30-a0-341-g682706514a (webtiles) character file.

Game seed: 17302765984542653276

11655 sanka the Summoner (level 11, -3/99 HPs)
             Began as a Demigod Summoner on Nov 3, 2022.
             Slain by a fire elemental (11 damage)
             ... summoned by a deep elf pyromancer
             ... on level 8 of the Dungeon on Nov 4, 2022.
             The game lasted 00:31:24 (11417 turns).

sanka the Summoner (Demigod Summoner)              Turns: 11417, Time: 00:31:25

Health: -3/99      AC:  9    Str:  9    XL:     11   Next: 27%
Magic:  5/19       EV: 19    Int: 29    God:
Gold:   644        SH:  0    Dex: 22    Spells: 6/16 levels left

rFire   . . .      SeeInvis .    a - +6 longbow of Contradiction {elec, rElec Will+ Dex+2}
rCold   . . .      Faith    .    (shield currently unavailable)
rNeg    . . .      Spirit   .    T - +0 steam dragon scales
rPois   .          Reflect  .    r - +0 helmet
rElec   +          Harm     .    (no cloak)
rCorr   .          Rampage  .    v - +0 pair of gloves
Will    ++...                    u - +1 pair of boots
Stlth   ++........               (no amulet)
HPRegen 0.36/turn                K - ring of wizardry
MPRegen 0.16/turn                q - +6 ring of dexterity

@: no status effects
A: high MP 1, forlorn, divine attributes
a: no special abilities


You were on level 8 of the Dungeon.
You visited 1 branch of the dungeon, and saw 10 of its levels.

You collected 644 gold pieces.


Innate Abilities, Weirdness & Mutations

You have an increased reservoir of magic. (+10% MP)
You shall have no god before yourself.
Your divine heritage dramatically boosts your attributes as you level up.


   Skills:
 + Level 9.7 Fighting
 + Level 9.7 Dodging
 - Level 1.7 Stealth
 - Level 3.0 Spellcasting
 + Level 10.5 Summonings
 - Level 1.0 Air Magic


You had 6 spell levels left.
You knew the following spells:

 Your Spells              Type           Power      Damage    Failure   Level
c - Call Canine Familiar  Summ           60%        N/A       1%          3
x - Call Imp              Summ           60%        N/A       1%          2
z - Summon Small Mammal   Summ           100%       N/A       1%          1
Z - Summon Lightning Spi  Summ/Air       38%        N/A       2%          4

Your spell library contained the following spells:

 Spells                   Type           Power      Damage    Failure   Level
 Summon Guardian Golem    Hex/Summ       34%        N/A       1%          3
 Apportation              Tloc           8%         N/A       3%          1
 Necrotise                Necr           16%        1d4       3%          1
 Static Discharge         Conj/Air       14%        2-3/arc   4%          2
 Vhi's Electric Charge    Tloc/Air       14%        N/A       8%          3
 Kindle Blastsparks       Fire/Tloc/Air  12%        2d11      9%          3
 Tukima's Dance           Hex            4%         N/A       9%          3
 Anguish                  Hex/Necr       2%         N/A       28%         4
 Fulminant Prism          Conj/Hex       2%         3d5       28%         4
 Iskenderun's Mystic Bla  Conj/Tloc      4%         2d3       28%         4
 Passage of Golubria      Tloc           4%         N/A       28%         4
 Arcjolt                  Conj/Air       3%         1d13      52%         5
 Lightning Bolt           Conj/Air       3%         1d15      52%         5
 Iskenderun's Battlesphe  Conj           4%         2d6       61%         5
 Lee's Rapid Deconstruct  Erth           2%         3d4*      61%         5
 Yara's Violent Unravell  Hex/Tmut       2%         3d3       61%         5
 Iron Shot                Conj/Erth      2%         9d2       98%         6
 Spellforged Servitor     Conj/Summ      17%        N/A       95%         7
 Enfeeble                 Hex            2%         N/A       100%        7

Inventory:

Hand Weapons
 a - the +6 longbow of Contradiction (weapon) {elec, rElec Will+ Dex+2} Any ammunition fired from it occasionally discharges a powerful burst of electricity upon striking a foe. Dex: It affects your dexterity (+2). rElec: It insulates you from electricity. Will: It increases your willpower.
 b - a +5 vorpal scimitar
 A - a +1 hand axe of flaming
Missiles
 R - a throwing net {=f}
 S - 5 curare-tipped darts {=f}
Armour
 r - a +0 helmet (worn)
 u - a +1 pair of boots (worn)
 v - a +0 pair of gloves (worn)
 L - the +5 ring mail of the Worm {Stlth+}

   Stlth:     It makes you more stealthy.
 Q - +0 acid dragon scales
 T - +0 steam dragon scales (worn)
Magical Staves
 W - a staff of air
Jewellery
 q - a +6 ring of dexterity (right hand)
 K - a ring of wizardry (left hand)
 M - a ring of protection from cold
 V - the ring "Afoaw" {rPois Str+2 Slay+2}

   [ring of poison resistance]

   Str:       It affects your strength (+2).
   Slay:      It affects your accuracy & damage with ranged weapons and melee
   (+2).
   rPois:     It protects you from poison.
 Y - a ring of positive energy
Wands
 k - a wand of polymorph (5)
 G - a wand of roots (4)
 H - a wand of mindburst (26)
 P - a wand of paralysis (4)
Scrolls
 c - 4 scrolls of fear
 e - a scroll of magic mapping {unknown}
 g - a scroll of brand weapon
 h - 3 scrolls of noise {!r}
 i - 2 scrolls of enchant weapon
 j - a scroll of enchant armour {unknown}
 l - a scroll of summoning {unknown}
 o - 4 scrolls of teleportation {@r4}
 p - 2 scrolls of amnesia {unknown}
 t - 2 scrolls of blinking {unknown}
 y - 2 scrolls of torment {!r}
 z - 3 scrolls of vulnerability {!r}
 C - a scroll of silence {unknown}
 E - a scroll of butterflies {unknown}
 J - 2 scrolls of immolation {!r}
 N - a scroll of poison {unknown}
Potions
 d - 2 potions of brilliance {unknown}
 f - 5 potions of haste {unknown}
 m - 4 potions of degeneration {unknown}
 n - 5 potions of curing {unknown}
 s - a potion of resistance {unknown}
 w - a potion of attraction {unknown}
 x - a potion of lignification {unknown}
 B - 2 potions of might {unknown}
 D - a potion of cancellation {unknown}
 F - 4 potions of mutation {unknown}
 I - 2 potions of magic
 O - a potion of flight {unknown}
 U - a potion of heal wounds {@q2}

Dungeon Overview and Level Annotations

Branches:
Dungeon (10/15)            Temple (0/1) D:4            Lair (0/5) D:9
    Orc: D:9-12

Shops:
D:8

= ▒▒'▒░░░░ ▒▒▒.▒▒▒▒▒.....▒[▒
░,,,░ ...,,,,░▒▒.......▒..▒..▒.▒
░░░░░
▒▒░░░▒,▒▒......▒.▒..▒..▒,░░░░░░░
,,,,,▒.▒.....▒▒▒.▒..▒,.▒,░,,,,,░░
,░'░,▒.▒.▒▒▒.▒.°.▒.,░,,░,░,,,,,,,
,░}░,▒.'...▒▒...°',,░,,░,░,,,,,░░
,░░░,▒.▒.....▒.{☼▒,,░░░░,░,,,,,,░
,,,,,▒.▒▒....▒▒eE▒,,░░ ░,░,,,,,,░
░░'░░▒,░▒▒...☼▒Ep▒,,,░░░,░,,,,,,░
,,,,,,,░ ▒▒...°E▒▒,░,,,░)░,,,,,,░
░░'░░░░░ ▒▒.▒▒▒▒░,░,),░'░,,,,,,░
,,░░░,,░ ▒#▒ ░,,░,,,)|,,,,,,,░
░,░,,░,░ ░▒E▒ ░,░░,,,,,,,░░░░░░
░░,░,░░░ ░░☼.▒ ░,░░,,,,[,,░
░,,░░,,░░░..▒▒ ░░,░,,,,,,,,░
░░░,░░,,,..▒░ ░,,░,,,,,,,,░░░░░░
░░[,░,░░▒▒▒░ ░░,,,,,),,>,,,,,,,,


You could see a deep elf pyromancer (ally target), 3 fire elementals and a
friendly lightning spire (summoned).


Message History

The fire elemental hits your wolf. The fire elemental burns your wolf!
Your wolf dies!
The deep elf pyromancer mumbles some strange words.
You feel agile.
You hear the crackle of electricity.
a - the +6 longbow of Contradiction (weapon)
{elec, rElec Will+ Dex+2} Fire: a) +6 longbow of Contradiction {elec, rElec Will+ Dex+2}
Aim: a deep elf pyromancer, wielding a +0 long sword (severely wounded, 63% to hit)
You shoot an arrow.
The arrow barely misses the deep elf pyromancer.
The fire elemental hits you. The fire elemental burns you!
* * * LOW HITPOINT WARNING * * *
The fire elemental misses you.
Unknown command.
Fire: a) +6 longbow of Contradiction {elec, rElec Will+ Dex+2}
Aim: a deep elf pyromancer, wielding a +0 long sword (severely wounded, 63% to hit)
Okay, then.
An electric hum fills the air.
The fire elemental hits you. The fire elemental burns you!
* * * LOW HITPOINT WARNING * * *
The deep elf pyromancer closely misses you.
The fire elemental hits you. The fire elemental burns you!
* * * LOW HITPOINT WARNING * * *
The fire elemental hits you. The fire elemental burns you!
You die...

Action                   |  1- 3 |  4- 6 |  7- 9 | 10-12 || total
-------------------------+-------+-------+-------+-------++-------
Melee: Unarmed           |    40 |       |       |       ||    40
       Mace              |    16 |    55 |       |       ||    71
       Flail             |       |       |    45 |       ||    45
       Scimitar          |       |       |     6 |    15 ||    21
 Fire: Longbow           |       |       |    65 |    53 ||   118
 Cast: Summon Small Mamm |    30 |     4 |     1 |       ||    35
       Call Imp          |     6 |    11 |     8 |     1 ||    26
       Call Canine Famil |       |    18 |    24 |    41 ||    83
       Summon Lightning  |       |       |     3 |    20 ||    23
  Use: Scroll            |       |       |     7 |     2 ||     9
 Stab: Distracted        |     2 |     1 |     2 |     2 ||     7
       Sleeping          |     2 |     1 |     1 |       ||     4
Armor: Robe              |    26 |    16 |    27 |     6 ||    75
       Steam dragon scal |       |       |       |    19 ||    19
Dodge: Dodged            |    98 |    41 |    59 |    81 ||   279

Levels and vault maps discovered:
D:1:      lightli_arrival_chessboard, layout_loops_ring
D:2:      layout_rooms, basic_altar, basic_ecumenical_altar,
          hangedman_glass_teeth, uniq_sigmund
D:3:      layout_loops_ring, lemuel_tele_altar, grunt_ministairs_10,
          minmay_cupped, uniq_robin, uniq_grinder
D:4:      black_bear_nest_1, layout_rooms, elyvilon_altar_3,
          minmay_temple_entry_butterflies, minmay_misc_feat_more_columns,
          minmay_misc_feat_doors
D:5:      layout_basic, uniq_duvessa, uniq_menkaure
D:6:      layout_basic, mainiacjoe_overflow_alcove_4,
          nicolae_overflow_hidden_temple, serial_undead, serial_undead_c,
          serial_undead_d, serial_undead_e, serial_undead_e, uniq_eustachio
D:7:      layout_basic, minmay_misc_feat_alley, kennysheep_cross_bottleneck
D:8:      minmay_the_grid_plus_closed [minmay_the_grid_all_tris,
          minmay_the_grid_holed_spiral, minmay_the_grid_tri_star,
          minmay_the_grid_outer_diamond, minmay_the_grid_prize_shrinking_boxes],
          layout_basic, mainiacjoe_overflow_24_doors,
          nicolae_hepliaklqana_hippocampus, serial_shops, shop,
          kb_lookout_dungeons_type, minivault_1, kennysheep_generic_room_15,
          uniq_gastronok
D:9:      layout_cave_pods, kennysheep_mini_moat, david_lair_shrubbed,
          corexii_corridor_pit, uniq_grum, uniq_joseph
D:10:     layout_basic, hangedman_abyss_or_decor_stagger, dreamdust_wishing_well

Notes
Turn   | Place    | Note
-------+----------+-------------------------------------------
     0 | D:1      | sanka the Demigod Summoner began the quest for the Orb.
     0 | D:1      | Reached XP level 1. HP: 14/14 MP: 5/5
   141 | D:1      | Reached skill level 2 in Spellcasting
   154 | D:1      | Reached skill level 4 in Summonings
   308 | D:1      | Reached XP level 2. HP: 20/20 MP: 4/7
   788 | D:1      | Learned a level 2 spell: Call Imp
  1003 | D:2      | Reached XP level 3. HP: 19/26 MP: 5/8
  1172 | D:2      | Noticed Sigmund
  1191 | D:2      | Killed Sigmund
  1192 | D:2      | Reached skill level 6 in Summonings
  1192 | D:2      | Reached XP level 4. HP: 14/33 MP: 5/9
  1192 | D:2      | Reached XP level 5. HP: 16/38 MP: 5/10
  1297 | D:2      | Learned a level 3 spell: Call Canine Familiar
  1593 | D:3      | Noticed Robin
  1603 | D:3      | Killed Robin
  1837 | D:3      | Noticed Grinder
  1882 | D:3      | Paralysed by Grinder for 5 turns
  2389 | D:3      | Killed Grinder
  2390 | D:3      | Reached skill level 7 in Summonings
  2390 | D:3      | Reached XP level 6. HP: 15/45 MP: 4/11
  2780 | D:4      | Found a staircase to the Ecumenical Temple.
  2869 | D:4      | Reached skill level 8 in Summonings
  2873 | D:4      | Reached XP level 7. HP: 51/51 MP: 9/13
  2935 | D:4      | Reached skill level 1 in Fighting
  2935 | D:4      | Reached skill level 2 in Dodging
  3388 | D:4      | Reached skill level 2 in Fighting
  3388 | D:4      | Reached skill level 3 in Dodging
  3448 | D:5      | Entered Level 5 of the Dungeon
  3693 | D:5      | Noticed Menkaure
  3704 | D:5      | Killed Menkaure
  3705 | D:5      | Reached skill level 3 in Fighting
  3750 | D:5      | Reached skill level 4 in Dodging
  3781 | D:5      | Reached XP level 8. HP: 66/66 MP: 14/14
  4062 | D:5      | Noticed Duvessa
  4067 | D:5      | Noticed Dowan
  4072 | D:5      | Killed Dowan
  4074 | D:5      | Killed Duvessa
  4075 | D:5      | Reached skill level 4 in Fighting
  4321 | D:6      | Reached skill level 5 in Dodging
  4489 | D:6      | Identified the +6 longbow of Contradiction {elec, rElec
                  | Will+ Dex+2}
  4560 | D:6      | Noticed Eustachio
  4562 | D:6      | Killed Eustachio
  4563 | D:6      | Reached skill level 5 in Fighting
  4592 | D:6      | HP: 6/68 [hornet zombie (9)]
  4930 | D:6      | Reached skill level 6 in Dodging
  5121 | D:6      | Reached skill level 6 in Fighting
  5121 | D:6      | Reached XP level 9. HP: 75/75 MP: 8/15
  5225 | D:6      | Reached skill level 7 in Dodging
  5514 | D:7      | Reached skill level 7 in Fighting
  6022 | D:10     | Entered Level 10 of the Dungeon
  6132 | D:10     | Reached skill level 8 in Dodging
  6182 | D:10     | Reached skill level 8 in Fighting
  6187 | D:10     | Learned a level 4 spell: Summon Lightning Spire
  6417 | D:10     | Reached XP level 10. HP: 80/88 MP: 9/16
  6517 | D:9      | Noticed Joseph
  6532 | D:9      | Killed Joseph
  6533 | D:9      | Reached skill level 1 in Air Magic
  6657 | D:9      | Identified the +5 ring mail of the Worm {Stlth+}
  6727 | D:9      | Found a staircase to the Lair.
  6745 | D:9      | Reached skill level 9 in Summonings
  7138 | D:9      | Reached skill level 3 in Spellcasting
  7266 | D:9      | Noticed Grum
  7276 | D:9      | Killed Grum
  7683 | D:9      | Identified +0 acid dragon scales
  8059 | D:8      | Found Eho Ruam's Jewellery Boutique.
  8197 | D:8      | Identified +0 steam dragon scales
  8319 | D:8      | Identified +0 steam dragon scales
  8714 | D:8      | Noticed a tengu warrior
  8714 | D:8      | Noticed Gastronok
  8714 | D:8      | Noticed a tengu warrior
  9104 | D:8      | Noticed a boulder beetle
  9157 | D:8      | Killed a boulder beetle
  9284 | D:8      | Reached skill level 9 in Fighting
  9284 | D:8      | Reached skill level 9 in Dodging
  9372 | D:8      | Killed Gastronok
  9373 | D:8      | Reached skill level 10 in Summonings
  9373 | D:8      | Reached XP level 11. HP: 97/97 MP: 8/19
  9616 | D:8      | Noticed a deep elf zephyrmancer
  9620 | D:8      | Killed a deep elf zephyrmancer
  9622 | D:8      | Noticed a deep elf zephyrmancer
  9624 | D:8      | Noticed a deep elf zephyrmancer
  9650 | D:8      | Killed a deep elf zephyrmancer
  9780 | D:8      | Killed a deep elf zephyrmancer
  9973 | D:8      | Killed a tengu warrior
 10119 | D:8      | Identified the ring "Afoaw" {rPois Str+2 Slay+2}
 10436 | D:8      | Noticed a deep elf pyromancer
 10728 | D:8      | Found Eho Ruam's Jewellery Boutique.
 11417 | D:8      | HP: 8/99 [fire elemental[a deep elf pyromancer] (6)]
 11417 | D:8      | Slain by a fire elemental

Vanquished Creatures
  3 yaks
  Eustachio (D:6)
  3 steam dragons
  A water moccasin (D:8)
  An ice beast (D:7)
  2 wolves (D:9)
  2 centaurs (D:8)
  A hornet zombie (D:6)
  2 phantoms (D:6)
  A kobold brigand (D:9)
  3 bullfrogs
  6 wights
  2 jellies
  An orc priest (D:9)
  2 iguanas
  A gnoll bouda (D:5)
  6 gnolls
  An adder (D:6)
  A white imp (D:7)
  An ufetubus (D:7)
  8 orcs
  4 ball pythons
  2 bats (D:1)
  A giant cockroach (D:3)
  4 goblins
  A hobgoblin (D:3)
  2 kobolds (D:9)
  3 frilled lizards (D:3)
66 creatures vanquished.

Vanquished Creatures (collateral kills)
  Gastronok (D:8)
  A boulder beetle (D:8)
  A tengu warrior (D:8)
  3 deep elf zephyrmancers (D:8)
  Joseph (D:9)
  A komodo dragon (D:9)
  A troll (D:9)
  A hornet (D:8)
  Grinder (D:3)
  Sigmund (D:2)
  A vampire (D:10)
  10 yaks
  Grum (D:9)
  Menkaure (D:5)
  A vampire mosquito (D:8)
  A water moccasin (D:7)
  An acid dragon (D:9)
  Duvessa (D:5)
  An ice beast (D:8)
  3 black bears (D:4)
  3 orc warriors
  2 ogres
  2 wolves (D:9)
  A centaur (D:7)
  A kobold brigand (D:8)
  A phantom (D:5)
  A bullfrog (D:9)
  2 gnoll sergeants
  A necrophage (D:6)
  3 wights
  Dowan (D:5)
  A howler monkey (D:8)
  4 hounds
  2 orc priests
  3 orc wizards
  A howler monkey zombie (D:6)
  Robin (D:3)
  6 gnolls
  3 adders
  3 worms
  9 orcs
  3 endoplasms
  A giant cockroach (D:1)
  6 goblins
  4 hobgoblins
  3 jackals (D:1)
  4 ball pythons
  2 bats
  A frilled lizard (D:3)
  6 kobolds
  8 rats
  A butterfly (D:4)
123 creatures vanquished.

Vanquished Creatures (others)
  A bush (D:8)
  9 plants (D:9)
10 creatures vanquished.

Grand Total: 199 creatures vanquished
